 Dungeon Sprint DCSS version 0.17-a0-1636-g3119f2b (webtiles) character file.

1952 Kidiri the Covert (level 8, -10/36 HPs)
             Began as a Spriggan Enchanter on Aug 6, 2015.
             Was a Follower of Dithmenos.
             Mangled by a kraken (46 damage)
             ... in the Dungeon (Sprint II: "The Violet Keep of Menkaure").
             The game lasted 00:07:44 (673 turns).

Kidiri the Covert (Spriggan Enchanter)               Turns: 673, Time: 00:07:45

Health: -10/36     AC:  3    Str:  4    XL:     8   Next: 99%
Magic:  21/24      EV: 30    Int: 17    God:    Dithmenos [*.....]
Gold:   135        SH:  0    Dex: 18    Spells: 8 memorised, 2 levels left

rFire  . . .     SeeInvis +     f - +1 arbalest (velocity)
rCold  . . .     Clarity  .     b - +1 robe
rNeg   . . .     SustAt   .     (shield restricted)
rPois  .         Gourm    .     (helmet restricted)
rElec  .         Spirit   .     (no cloak)
rCorr  .         Warding  .     (gloves unavailable)
rMut   .         NoTele   +     (boots unavailable)
MR     +....                    (no amulet)
Stlth  ++++++++..               (no ring)
                                (no ring)

@: wreathed by umbra, very quick, somewhat resistant to hostile enchantments,
extraordinarily stealthy
A: unfitting armour, see invisible, herbivore 3, speed 3, slow metabolism 2
a: Renounce Religion


You were in the Dungeon.
You worshipped Dithmenos.
Dithmenos was aware of your devotion.
You were not hungry.

You visited 1 branch You collected 1053 gold pieces.
You spent 918 gold pieces at shops.

Inventory:

Hand weapons
 a - a +1 dagger
 f - a +1 arbalest of velocity (weapon)
 l - the +8 dagger of Lies {pierce, MR+ Str-2 Int+6 Stlth+}
   (You bought it in a shop in the Dungeon)

   It inflicts extra damage upon your enemies.
   It affects your strength (-2).
   It affects your intelligence (+6).
   It affects your resistance to hostile enchantments.
   It makes you more stealthy.
Missiles
 m - 17 poisoned bolts (quivered)
Armour
 b - a +1 robe (worn)
Scrolls
 i - a scroll of magic mapping {unknown}
 j - a scroll of blinking
Potions
 e - a potion of curing
 g - a potion of haste
 h - 2 potions of magic
Books
 c - a book of Maledictions

   Spells                             Type                      Level
   a - Corona                         Hexes                        1
   b - Ensorcelled Hibernation        Hexes/Ice                    2
   c - Confuse                        Hexes                        3
   d - Tukima's Dance                 Hexes                        3
   e - Dazzling Spray                 Conjuration/Hexes            3
 k - a book of Burglary

   Spells                             Type                      Level
   a - Swiftness                      Charms/Air                   2
   b - Passwall                       Transmutation/Earth          3
   c - Passage of Golubria            Translocation                4
   d - Lee's Rapid Deconstruction     Earth                        5
   e - Darkness                       Hexes                        6
   f - Invisibility                   Hexes                        6
Comestibles
 d - a bread ration


   Skills:
 + Level 7.2 Short Blades
 * Level 13.2 Dodging
 * Level 14.2 Stealth
 * Level 11.4 Spellcasting
 + Level 3.1 Conjurations
 + Level 8.7 Hexes
 + Level 3.1 Transmutations
 + Level 3.5 Ice Magic
 + Level 2.1 Earth Magic
 + Level 2.4 Invocations


You had 2 spell levels left.
You knew the following spells:

 Your Spells              Type           Power        Failure   Level  Hunger
a - Corona                Hex            #####..      1%          1    None
b - Ensorcelled Hibernat  Hex/Ice        ####..       1%          2    None
c - Confuse               Hex            #####...     1%          3    None
d - Tukima's Dance        Hex            #####...     1%          3    None
e - Dazzling Spray        Conj/Hex       ####....     1%          3    None
f - Passwall              Trmt/Erth      ###.......   10%         3    None
g - Darkness              Hex            #####.....   34%         6    ######.
h - Invisibility          Hex            #####...     34%         6    ######.


Dungeon Overview and Level Annotations

Branches:
Dungeon (1/1)

Altars:
Cheibriados
Dithmenos
Elyvilon
Fedhas
Gozag
Kikubaaqudgha
Makhleb
Nemelex Xobeh
Okawaru
Qazlal
Ru
Sif Muna
Trog
Vehumet
Xom
Yredelemnul
Zin
The Shining One
Beogh
Jiyva
Lugonu

Shops:
D !?:=(=[=[%:!}=::

Annotations:
D exclusion: oklob plant, Roxanne


Innate Abilities, Weirdness & Mutations

You are tiny and cannot use many weapons and most armour.
You have supernaturally acute eyesight.
You are a herbivore.
You cover ground extremely quickly.
You need consume almost no food.


Message History

Really attack while wielding your +1 arbalest of velocity?
Okay, then.
Unknown command.
Firing (i - inventory):
m - 19 poisoned bolts (quivered)
Press: ? - help, Shift-Dir - straight line, f/p - kraken
Aim: a kraken (water, confused, umbra)
You shoot a poisoned bolt. The poisoned bolt hits the kraken!
The kraken is lightly wounded.
You hear a splash.
The kraken completely misses you. x2
Firing (i - inventory):
m - 18 poisoned bolts (quivered)
Press: ? - help, Shift-Dir - straight line, f/p - kraken
Aim: a kraken (water, lightly wounded, confused, umbra)
You shoot a poisoned bolt. The poisoned bolt hits the kraken!
The kraken is poisoned.
The kraken is lightly wounded.
You hear a splash.
The kraken bites you!!!
Ouch! That really hurt!
You die...

. .### :▓(=[($$!(▓▓
...####▓$!)!($!(▓▓
#..##.#▓?)$?!%(?▓▓
+..#..#▓??$((?!%▓▓
#..#..#▓$!)$?)??▓▓
#..##.#▓$[%[?(?$▓▓
##...##▓▓▓▓▓▓▓+▓▓▓▓+▓
.≈≈%%≈≈≈≈≈≈≈≈≈..@≈≈≈▓
.≈#+########+###.X≈≈▓
.≈#.._._...#§§≈##≈≈≈▓
.≈#._._._..#≈§≈§####▓
≈≈#.._._._.#t§§§≈#
≈≈#.⌠._._._#≈§§§§≈
§§#.._._._.#§§≈≈≈§
§≈#..._._._#§§≈§§t
≈≈#...._._.#≈§§≈≈§


You could see a kraken (confused).

Vanquished Creatures
  A yaktaur (D)
  3 polar bears (D)
  2 hippogriffs (D)
  A vampire mosquito (D)
  A wasp (D)
  4 necrophages (D)
  A crocodile (D)
  4 brain worms (D)
  3 worms (D)
20 creatures vanquished.

Vanquished Creatures (others)
  Menkaure (D)
  A crocodile (D)
2 creatures vanquished.

Grand Total: 22 creatures vanquished

Notes
Turn   | Place    | Note
--------------------------------------------------------------
     0 | D        | Kidiri the Spriggan Enchanter began the quest for the Orb.
     0 | D        | Reached XP level 1. HP: 9/9 MP: 5/5
     1 | D        | Noticed a brain worm
     1 | D        | Noticed a brain worm
     1 | D        | Noticed a brain worm
     1 | D        | Noticed a brain worm
     5 | D        | Noticed a hippogriff
     5 | D        | Noticed a hippogriff
     9 | D        | Noticed a necrophage
     9 | D        | Noticed a necrophage
     9 | D        | Noticed a necrophage
     9 | D        | Noticed a necrophage
    15 | D        | Killed a necrophage
    15 | D        | Reached skill level 6 in Dodging
    15 | D        | Reached skill level 7 in Stealth
    15 | D        | Reached skill level 5 in Spellcasting
    15 | D        | Reached skill level 5 in Hexes
    15 | D        | Reached XP level 2. HP: 13/13 MP: 5/9
    15 | D        | Reached XP level 3. HP: 16/16 MP: 6/11
    15 | D        | Reached XP level 4. HP: 21/21 MP: 6/12
    23 | D        | Killed a necrophage
    23 | D        | Reached skill level 8 in Dodging
    23 | D        | Reached skill level 9 in Stealth
    23 | D        | Reached XP level 5. HP: 23/23 MP: 6/15
    29 | D        | Killed a necrophage
    29 | D        | Reached skill level 10 in Stealth
    29 | D        | Reached XP level 6. HP: 27/27 MP: 7/17
    33 | D        | Killed a crocodile
    40 | D        | Killed a necrophage
    40 | D        | Reached skill level 5 in Short Blades
    40 | D        | Reached skill level 10 in Dodging
    40 | D        | Reached skill level 11 in Stealth
    99 | D        | Killed Menkaure
   125 | D        | Learned a level 2 spell: Ensorcelled Hibernation
   131 | D        | Learned a level 3 spell: Confuse
   135 | D        | Learned a level 3 spell: Tukima's Dance
   139 | D        | Learned a level 3 spell: Dazzling Spray
   163 | D        | Killed a brain worm
   163 | D        | Reached skill level 1 in Ice Magic
   165 | D        | Killed a brain worm
   165 | D        | Reached skill level 1 in Conjurations
   166 | D        | Killed a brain worm
   166 | D        | Reached skill level 12 in Stealth
   166 | D        | Reached XP level 7. HP: 31/31 MP: 18/20
   171 | D        | Killed a brain worm
   195 | D        | Killed a hippogriff
   195 | D        | Reached skill level 10 in Spellcasting
   198 | D        | Killed a hippogriff
   311 | D        | Noticed Roxanne
   313 | D        | Noticed a crocodile
   314 | D        | Found Tetask's Book Boutique.
   315 | D        | Killed a crocodile
   315 | D        | Reached skill level 13 in Stealth
   339 | D        | Noticed an ice statue
   342 | D        | Found Joejikli's Book Shop.
   343 | D        | Found Emupheud's Jewellery Boutique.
   349 | D        | Found Zisile's Distillery.
   349 | D        | Found Pycipt's Gadget Shop.
   350 | D        | Found Vihanl Jeul's Food Boutique.
   350 | D        | Found Jooduiz's Book Boutique.
   351 | D        | Noticed a vampire mosquito
   352 | D        | Killed a vampire mosquito
   352 | D        | Reached XP level 8. HP: 35/35 MP: 21/23
   359 | D        | Found Zirchit's Jewellery Shop.
   361 | D        | Found Malo Huf's Antique Armour Shop.
   361 | D        | Found Anuom's Antique Armour Shop.
   361 | D        | Found Jeynub's Jewellery Boutique.
   362 | D        | Noticed a yak
   365 | D        | Found Zoffihou's Antique Weapon Shop.
   365 | D        | Found Pael's Jewellery Boutique.
   365 | D        | Noticed a yak
   365 | D        | Noticed a yak
   365 | D        | Noticed an oklob plant
   366 | D        | Found Kogyomuc's Magic Scroll Shop.
   366 | D        | Found Ynashrohi's Distillery.
   366 | D        | Found Qiurch's Book Shoppe.
   369 | D        | Noticed a black bear
   369 | D        | Noticed a black bear
   372 | D        | Noticed a black bear
   386 | D        | Noticed an ice dragon
   401 | D        | Bought a book of Burglary for 750 gold pieces
   409 | D        | Bought a slimy dagger for 168 gold pieces
   409 | D        | Identified the +8 dagger of Lies {pierce, MR+ Str-2 Int+6 Stlth+} (You bought it in a shop in the Dungeon)
   414 | D        | Learned a level 3 spell: Passwall
   421 | D        | Learned a level 6 spell: Darkness
   428 | D        | Learned a level 6 spell: Invisibility
   462 | D        | Found a corrupted altar of Lugonu.
   463 | D        | Found a snail-covered altar of Cheibriados.
   463 | D        | Found a blossoming altar of Fedhas.
   463 | D        | Found a basalt altar of Yredelemnul.
   465 | D        | Found a viscous altar of Jiyva.
   465 | D        | Found a glowing silver altar of Zin.
   465 | D        | Found a shadowy altar of Dithmenos.
   466 | D        | Found an ancient bone altar of Kikubaaqudgha.
   466 | D        | Found an iron altar of Okawaru.
   466 | D        | Found a glowing golden altar of the Shining One.
   467 | D        | Found a burning altar of Makhleb.
   467 | D        | Found a shimmering altar of Xom.
   467 | D        | Found a roughly hewn altar of Beogh.
   468 | D        | Found a white marble altar of Elyvilon.
   468 | D        | Found a sparkling altar of Nemelex Xobeh.
   469 | D        | Found a sacrificial altar of Ru.
   470 | D        | Found an opulent altar of Gozag.
   470 | D        | Noticed a polar bear
   472 | D        | Found a radiant altar of Vehumet.
   472 | D        | Found a bloodstained altar of Trog.
   472 | D        | Noticed a wasp
   473 | D        | Found a deep blue altar of Sif Muna.
   473 | D        | Found a stormy altar of Qazlal.
   473 | D        | Noticed a yaktaur
   485 | D        | Noticed an electric eel
   489 | D        | Became a worshipper of Dithmenos the Shadowed
   490 | D        | Noticed a crocodile
   504 | D        | Noticed a polar bear
   505 | D        | Noticed a polar bear
   509 | D        | Killed a polar bear
   509 | D        | Reached skill level 1 in Transmutations
   509 | D        | Reached skill level 1 in Invocations
   513 | D        | Killed a wasp
   513 | D        | Reached skill level 1 in Earth Magic
   519 | D        | Killed a yaktaur
   521 | D        | Killed a polar bear
   521 | D        | Reached skill level 14 in Stealth
   522 | D        | Killed a polar bear
   552 | D        | Noticed a crocodile
   564 | D        | Noticed a crocodile
   664 | D        | Noticed a kraken
   673 | D        | Mangled by a kraken

Vault maps used:
D:        the_violet_keep_of_menkaure

Action                   |  1- 3 |  4- 6 |  7- 9 || total
-------------------------+-------+-------+-------++-------
Melee: Dagger            |     3 |    30 |    14 ||    47
 Fire: Arbalest          |       |       |     2 ||     2
 Cast: Ensorcelled Hiber |       |     1 |     5 ||     6
       Confuse           |       |       |     5 ||     5
       Dazzling Spray    |       |       |     2 ||     2
  Use: Potion            |     1 |       |     1 ||     2
 Stab: Sleeping          |       |     6 |     4 ||    10
       Distracted        |       |       |     1 ||     1
       Invisible         |       |       |     3 ||     3
       Confused          |       |       |     1 ||     1
